 Dungeon Crawl Stone Soup version 0.27-a0-412-g8dd771eca2 (webtiles) character file.

Game seed: 13079655164294789245

1385 kae the Cleaver (level 8, -3/71 HPs)
             Began as a Hill Orc Fighter on Feb 23, 2021.
             Was a Follower of Nemelex Xobeh.
             Killed from afar by Maggie (13 damage)
             ... with a bolt of fire
             ... on level 7 of the Dungeon.
             The game lasted 00:04:49 (8314 turns).

kae the Cleaver (Hill Orc Fighter)                  Turns: 8314, Time: 00:04:50

Health: -3/71      AC:  9    Str: 21    XL:     8   Next: 67%
Magic:  11/11      EV:  7    Int:  8    God:    Nemelex Xobeh [*.....]
Gold:   357        SH:  9    Dex: 10    Spells: 7/7 levels left

rFire    . . .     SeeInvis .   a - +1 war axe
rCold    . . .     Faith    .   c - +0 kite shield
rNeg     . . .     Spirit   .   b - +0 scale mail
rPois    +         Reflect  .   (no helmet)
rElec    .         Harm     .   p - +1 cloak {rPois}
rCorr    .         Rampage  .   (no gloves)
Will     .....                  (no boots)
Stlth    ..........             (no amulet)
HPRegen  0.21/turn              (no ring)
MPRegen  0.12/turn              (no ring)

@: no status effects
A: no striking features
a: Renounce Religion, Draw Escape, Draw Destruction, Draw Summoning


You were on level 7 of the Dungeon.
You worshipped Nemelex Xobeh.
Nemelex Xobeh was aware of your devotion.
You visited 2 branches of the dungeon, and saw 8 of its levels.

You collected 519 gold pieces.
You spent 162 gold pieces at shops.

Inventory:

Hand Weapons
 a - a +1 war axe (weapon)
Armour
 b - a +0 scale mail (worn)
 c - a +0 kite shield (worn)
 p - a +1 cloak of poison resistance (worn)
Wands
 m - a wand of iceblast (12)
Scrolls
 e - 8 scrolls of teleportation
 f - a scroll of magic mapping
 h - 2 scrolls of blinking
 o - a scroll of enchant weapon
Potions
 d - 2 potions of might
 g - 4 potions of lignification
 i - 4 potions of heal wounds
 j - a potion of cancellation
 k - 2 potions of curing
 l - a potion of berserk rage {unknown}
 n - 3 potions of flight {unknown}


   Skills:
 + Level 6.8 Fighting
 * Level 9.4 Axes
 + Level 6.2 Armour
 - Level 3.2 Shields
 + Level 4.3 Invocations


You had 7 spell levels left.
You didn't know any spells.
Your spell library contained the following spells:

 Spells                   Type           Power        Failure   Level
 Sandblast                Erth           0%           99%         1
 Passwall                 Tmut/Erth      0%           100%        2
 Stone Arrow              Conj/Erth      0%           100%        3
 Petrify                  Tmut/Erth      0%           100%        4
 Lee's Rapid Deconstruct  Erth           0%           100%        5


Dungeon Overview and Level Annotations

Branches:
Dungeon (7/15)             Temple (1/1) D:4

Altars:
Ashenzari
Cheibriados
Dithmenos
Elyvilon
Gozag
Hepliaklqana
Kikubaaqudgha
Makhleb
Nemelex Xobeh
Okawaru
Ru
Uskayaw
Vehumet
Wu Jian
Xom
Zin
The Shining One

Shops:
D:6 [

Annotations:
D:7 Maggie


Message History

You are too injured to fight recklessly!
The bullfrog barely misses you.
You barely miss the bullfrog.
The bullfrog is heavily wounded.
The bullfrog releases a deep croak.
You block the bullfrog's attack. The bullfrog closely misses you.
Your shield and scale mail prevent you from hitting the bullfrog.
The bullfrog is heavily wounded.
The bullfrog hits you but does no damage.
Maggie points at you and mumbles some strange words.
The bolt of fire hits you!!
* * * LOW HITPOINT WARNING * * *
The bullfrog hits you but does no damage.
You slice the bullfrog!!
You kill the bullfrog!
The jelly jiggles.
You draw a card...
You have drawn the Elixir.
You begin rapidly regenerating.
A centaur comes into view.
You slash the jelly!
Your hands burn!
The jelly is heavily wounded.
The jelly hits you but does no damage. x2
You slash the jelly!
You kill the jelly!
The centaur wields a +0 shortbow.
The centaur shoots an arrow.
You block the arrow.
Maggie hits you from afar with a +2 halberd of flaming.
Maggie burns you.
Maggie hits you with a +2 halberd of flaming.
Maggie burns you.
The centaur shoots an arrow.
The arrow hits you.
You hit Maggie but do no damage.
The centaur shoots an arrow.
The arrow hits you.
Maggie hits you with a +2 halberd of flaming!
* * * LOW HITPOINT WARNING * * *
Maggie burns you.
* * * LOW HITPOINT WARNING * * *
The centaur shoots an arrow.
The arrow closely misses you.
Maggie points at you and mumbles some strange words.
The bolt of fire hits you!
You die...
Your body glows slightly and disappears.

##.....#......####
##....#......#....
#...###.........#
#....##........#
##....#........#
###...........#
##..........#
##.(...@.....#
#.....#@.....#
#.....##.†....#
.....c..#..$...#
.......?.##.....#
......... .......#
....... ........#
....... ..........
....... @.........
...........


You could see Maggie.

Vanquished Creatures
  An orc warrior (D:6)
  An ice beast (D:5)
  A phantom (D:6)
  A centaur (D:6)
  4 bullfrogs
  A scorpion (D:6)
  A jelly (D:7)
  A centaur skeleton (D:4)
  2 hounds
  An orc priest (D:7)
  2 iguanas
  4 worker ants
  An orc wizard (D:6)
  A hound zombie (D:5)
  A howler monkey zombie (D:6)
  A worker ant zombie (D:6)
  18 gnolls
  9 adders
  A shadow imp (D:6)
  An ufetubus (D:6)
  An ooze (D:1)
  3 worms
  6 dart slugs
  5 leopard geckos
  5 orcs
  7 giant cockroaches
  9 goblins
  4 hobgoblins
  4 jackals (D:4)
  5 kobolds
  A quokka (D:2)
  2 ball pythons (D:6)
  10 bats
  6 frilled lizards
  A jackal skeleton (D:5)
  A quokka skeleton (D:5)
  A quokka zombie (D:5)
  9 rats
133 creatures vanquished.

Vanquished Creatures (others)
  5 fungi (D:2)
  3 toadstools (D:2)
8 creatures vanquished.

Grand Total: 141 creatures vanquished

Notes
Turn   | Place    | Note
-------+----------+-------------------------------------------
     0 | D:1      | kae the Hill Orc Fighter began the quest for the Orb.
     0 | D:1      | Reached XP level 1. HP: 19/19 MP: 1/1
   131 | D:1      | Reached skill level 3 in Axes
   133 | D:1      | Reached XP level 2. HP: 27/27 MP: 2/2
   526 | D:1      | Reached XP level 3. HP: 29/33 MP: 3/3
   832 | D:2      | Reached skill level 4 in Axes
   882 | D:2      | Found a snail-covered altar of Cheibriados.
   925 | D:1      | Reached XP level 4. HP: 10/40 MP: 4/4
  1249 | D:2      | Reached skill level 5 in Axes
  1474 | D:2      | Reached XP level 5. HP: 11/47 MP: 5/5
  2969 | D:3      | Found a shimmering altar of Xom.
  3198 | D:3      | Reached skill level 5 in Fighting
  3198 | D:3      | Reached skill level 6 in Axes
  3198 | D:3      | Reached XP level 6. HP: 33/56 MP: 6/6
  4143 | D:4      | Found a sparkling altar of Nemelex Xobeh.
  4190 | D:4      | Found a staircase to the Ecumenical Temple.
  4245 | Temple   | Entered the Ecumenical Temple
  4982 | D:4      | Became a worshipper of Nemelex Xobeh the Trickster
  5023 | D:5      | Entered Level 5 of the Dungeon
  5317 | D:5      | Reached skill level 1 in Invocations
  5317 | D:5      | Reached XP level 7. HP: 61/61 MP: 7/7
  5400 | D:5      | Reached skill level 7 in Axes
  5400 | D:5      | Reached skill level 5 in Armour
  5923 | D:5      | Found a hide-covered altar of Uskayaw.
  6185 | D:6      | Found an ancient bone altar of Kikubaaqudgha.
  6222 | D:6      | Reached skill level 8 in Axes
  6375 | D:6      | Reached XP level 8. HP: 16/70 MP: 10/10
  7203 | D:6      | Reached * piety under Nemelex Xobeh
  7437 | D:6      | Found a burning altar of Makhleb.
  7458 | D:6      | Received a gift from Nemelex Xobeh
  7956 | D:6      | Found Jorhojom's Armour Emporium.
  7965 | D:6      | Reached skill level 9 in Axes
  8011 | D:6      | Bought a +1 cloak of poison resistance for 162 gold pieces
  8300 | D:7      | Noticed Maggie
  8314 | D:7      | Killed from afar by Maggie

Illustrated notes

Levels and vault maps discovered:
D:1:      erik_arrival_triangle_medium, layout_loops_ring, hex_medium
D:2:      layout_basic, cheibriados_altar_1, nicolae_overflow_hidden_temple,
          minmay_gold_behind_fungi
D:3:      layout_basic, old_standard_altar
D:4:      layout_loops_corners, nemelex_xobeh_ov_fountains_minmay,
          minmay_temple_entry_trees
D:5:      layout_basic, lemuel_coloured_pillars_altar
D:6:      layout_basic, kiku_gazebo_pond_becter, kennysheep_mini, serial_shops,
          nicolae_shop_waterfront, hangedman_abyss_or_decor_stagger,
          hangedman_decor_slide_cut
D:7:      layout_cave_pools, marbit_many_paths, serial_shops, shop,
          grunt_ministairs_5, roderic_serpentine_path, minmay_ruined_shrine,
          uniq_maggie
Temple:   minmay_temple_curvy_loop

Skill      XL: |  1  2  3  4  5  6  7  8 |
---------------+-------------------------+-----
Axes           | 3 4 5 6 8 9 |  9.4
Fighting       | 4 5 6 |  6.8
Armour         | 4 5 6 |  6.2
Invocations    | 1 2 4 |  4.3
Shields        | |  3.2

Action                   |  1- 3 |  4- 6 |  7- 9 || total
-------------------------+-------+-------+-------++-------
Melee: War axe           |    81 |   218 |   157 ||   456
Invok: Draw Escape       |       |       |     1 ||     1
       Draw Destruction  |       |       |     1 ||     1
  Use: Scroll            |       |     9 |     2 ||    11
Armor: Scale mail        |    44 |    96 |    59 ||   199
Dodge: Dodged            |    24 |    61 |    59 ||   144
Block: Kite shield       |    49 |   144 |    76 ||   269

Table legend: (Time is in decaauts)
 A = Elapsed time spent in this place.
 B = Non-inter-level travel time spent in this place.
 C = Inter-level travel time spent in this place.
 D = Time resting spent in this place.
 E = Time spent auto-exploring this place.
 F = Levels seen in this place.
 G = Mean time per level.
                   A        B        C        D        E       F      G
               +--------+--------+--------+--------+--------+-----+--------+
         Total |   8513 |   8157 |    356 |   1127 |   5855 |   8 | 1064.1 |
       Dungeon |   8285 |   7954 |    331 |   1127 |   5652 |   7 | 1183.6 |
        Temple |    227 |    203 |     24 |      0 |    203 |   1 |  227.0 |
               +--------+--------+--------+--------+--------+-----+--------+

Top non-repeatable levels by time:
     D:6: 1682 daAuts
     D:2: 1559 daAuts
     D:5: 1432 daAuts
     D:1: 1348 daAuts
     D:4: 1067 daAuts
     D:3: 952 daAuts
     D:7: 242 daAuts
  Temple: 227 daAuts
